Nordiques vs Wild

Created - 28 janvier 2021 at 11:43

Goals
1 2 3 T
Nordiques 0 2 1 3
Wild 0 1 0 1
Shots
1 2 3 T
Nordiques 8 10 11 29
Wild 8 14 9 31

1st period

No Goal

Penalties :
Mattias Ekholm (MIW) for Hooking (Minor) at 19:06

2nd period

1. Wild , Elias Lindholm 11 (Nikita Kucherov 12) at 3:24
2. Nordiques , Brandon Dubinsky 15 (Justin Abdelkader 12, Shayne Gostisbehere 6) at 11:12 (SH)
3. Nordiques , Joel L'Esperance 6 (Joel Farabee 12, Ryan Lindgren 2) at 16:05

Penalties :
Ryan Lindgren (QUE) for Tripping (Minor) at 6:19, Joel L'Esperance (QUE) for Elbowing (Minor) at 8:33, Brent Seabrook (QUE) for Checking from behind (Minor) at 11:00, Brayden McNabb (MIW) for Roughing (Minor) at 19:37

3rd period

4. Nordiques , Alexander Wennberg 7 (Sebastian Aho 15) at 19:41 (Empty Net)

Penalties :
David Backes (QUE) for Holding Stick (Minor) at 16:38

Goalie Stats

Craig Anderson (QUE), 30 saves from 31 shots - (0,968), W, 5-4-1, 60:00 minutes
Linus Ullmark (MIW), 26 saves from 28 shots - (0,929), L, 1-8-0, 59:42 minutes

Players Stats for Nordiques

Player Name              G  A  P  +/- PIM S  H  SB GA TA FO     MP     PP MP  PK MP  
------------------------------------------------------------------------------------
Alexander Wennberg       1  0  1   0  0   5  1  0  0  0  0/1    18:17   1:54   3:54 
Brandon Dubinsky         1  0  1   1  0   1  1  0  1  1  9/14   16:45   2:04   3:53 
Brent Seabrook           0  0  0   0  2   0  4  4  0  1  0/0    21:28   2:16   0:52 
Cole Schneider           0  0  0   0  0   0  0  0  0  0  0/0    12:29   0:00   0:17 
David Backes             0  0  0   0  2   1  1  0  0  0  2/3    12:07   0:00   0:00 
Hudson Fasching          0  0  0   1  0   1  2  0  0  0  1/2    12:28   0:00   0:00 
Joel Farabee             0  1  1   1  0   6  0  0  0  1  0/0    12:41   0:00   0:00 
Joel L'Esperance         1  0  1   1  2   4  0  0  0  0  4/7    12:27   0:00   0:00 
Justin Abdelkader        0  1  1   1  0   1  2  0  0  0  1/1    16:37   2:04   3:45 
Justin Holl              0  0  0   1  0   2  4  1  0  1  0/0    21:35   1:42   4:23 
Kirby Dach               0  0  0   0  0   2  3  0  3  0  0/0    12:52   2:04   0:00 
Mathieu Perreault        0  0  0   0  0   2  0  0  0  0  2/6    12:09   0:00   0:00 
Philippe Myers           0  0  0   1  0   0  1  1  0  1  0/0    18:14   0:00   3:42 
Ryan Lindgren            0  1  1   1  2   0  2  1  0  1  0/0    17:01   0:00   2:41 
Sebastian Aho            0  1  1   0  0   0  1  1  1  0  7/17   18:37   1:54   4:03 
Shayne Gostisbehere      0  1  1   1  0   0  0  3  0  0  0/0    21:07   1:42   3:54 
Travis Sanheim           0  0  0   0  0   4  0  0  1  2  0/0    20:35   2:16   0:20 
Tyler Johnson            0  0  0   0  0   0  0  0  0  0  0/0    14:09   1:54   0:00 

Players Stats for Wild

Player Name              G  A  P  +/- PIM S  H  SB GA TA FO     MP     PP MP  PK MP  
------------------------------------------------------------------------------------
Adrian Kempe             0  0  0  -1  0   0  1  1  0  1  0/0    12:31   0:00   0:00 
Alexander Edler          0  0  0   0  0   0  2  0  0  0  0/0    21:19   3:33   3:05 
Brad Marchand            0  0  0  -2  0   0  3  1  1  0  0/1    17:49   3:54   0:26 
Brandon Carlo            0  0  0   0  0   1  2  1  0  0  0/0    15:05   0:00   0:01 
Brayden McNabb           0  0  0  -1  2   2  0  3  1  1  0/0    16:26   0:00   0:29 
Chris Tierney            0  0  0   0  0   1  3  0  1  0  7/10   13:17   0:00   2:48 
Devon Toews              0  0  0  -1  0   1  1  2  0  0  0/0    18:35   3:33   0:53 
Elias Lindholm           1  0  1   1  0   5  2  0  0  0  4/9    17:33   3:54   1:10 
Frank Vatrano            0  0  0   0  0   5  1  0  1  0  0/0    10:29   0:00   0:00 
Jack Eichel              0  0  0  -2  0   3  1  0  0  0  4/13   17:16   3:54   0:00 
Jesper Fast              0  0  0   0  0   1  0  3  0  1  0/1    14:29   0:00   2:48 
Jordan Greenway          0  0  0   1  0   1  2  1  0  0  0/1    13:05   0:00   0:44 
Kevin Stenlund           0  0  0   0  0   0  0  0  0  0  0/0    10:29   0:00   0:00 
Mattias Ekholm           0  0  0  -1  2   2  1  0  1  0  0/0    23:27   4:23   0:53 
Nikita Kucherov          0  1  1  -1  0   3  1  0  1  0  0/0    16:55   4:02   0:00 
Patrice Bergeron         0  0  0  -1  0   3  0  1  0  0  10/16  15:49   4:02   0:00 
Ryan Suter               0  0  0  -1  0   0  1  0  1  3  0/0    25:37   4:23   2:35 
T.J. Oshie               0  0  0  -1  0   3  2  0  1  0  0/0    15:49   4:02   0:00 

3 Stars

1 - Craig Anderson (QUE)
2 - Brandon Dubinsky (QUE)
3 - Alexander Wennberg (QUE)

Power Play

Nordiques - 0 on 2 Attempt(s) - 0,00%
Wild - 0 on 4 Attempt(s) - 0,00%

Penalty Kill

Nordiques - 4 on 4 Attempt(s) - 100,00% - Score 1 goal in Penalty Kill
Wild - 2 on 2 Attempt(s) - 100,00% - Score 0 goal in Penalty Kill

Team Stat

Nordiques - Hits : 22 - Faceoff Wins : 26 - Blocked Shots : 11 - Penalty Minutes : 8
Wild - Hits : 23 - Faceoff Wins : 25 - Blocked Shots : 13 - Penalty Minutes : 4

Official

Referees : Andrew Howard and Dan O'Rourke
Linesman : Neil Campbell and Brian Murphy

Game Notes

4:14 of 1st period - Nordiques goal is going for a video replay. After video review, No Goal. The attacking player has interfered with a goalkeeper in his goal crease.
Alexander Wennberg has scored in a empty net!

Finance

Level 1 -- Attendance: 4944 (82,40%) -- Ticket Income 494 400 $
Level 2 -- Attendance: 4828 (96,56%) -- Ticket Income 289 680 $
Level 3 -- Attendance: 1858 (92,90%) -- Ticket Income 65 030 $
Level 4 -- Attendance: 4000 (100,00%) -- Ticket Income 80 000 $
Luxury Box -- Attendance: 805 (80,50%) -- Ticket Income 161 000 $
Game was played at the Xcel Enery Center.
Total Attendance: 16435 (91,31%)
Total Ticket Income: 1 090 110 $
Other Income: 534 154 $
Total Income: 1 624 264 $

Nordiques

5 vs 5 Forward 
   Center                   Left Wing                Right Wing               Time % Phy DF OF 
 1 Sebastian Aho            Alexander Wennberg       Tyler Johnson            25     1   2  2  
 2 Brandon Dubinsky         Justin Abdelkader        Kirby Dach               25     1   2  2  
 3 Mathieu Perreault        David Backes             Cole Schneider           25     1   2  2  
 4 Joel L'Esperance         Joel Farabee             Hudson Fasching          25     1   2  2  

5 vs 5 Defense 
   Defense                  Defense                                           Time % Phy DF OF 
 1 Brent Seabrook           Travis Sanheim                                    37     1   2  2  
 2 Justin Holl              Shayne Gostisbehere                               33     1   2  2  
 3 Philippe Myers           Ryan Lindgren                                     30     1   2  2  
 4 Brent Seabrook           Travis Sanheim                                    0      1   2  2  

PowerPlay Forward 
   Center                   Left Wing                Right Wing               Time % Phy DF OF 
 1 Sebastian Aho            Alexander Wennberg       Tyler Johnson            50     1   2  2  
 2 Brandon Dubinsky         Justin Abdelkader        Kirby Dach               50     1   2  2  

PowerPlay Defense
   Defense                  Defense                                           Time % Phy DF OF 
 1 Brent Seabrook           Travis Sanheim                                    50     1   2  2  
 2 Justin Holl              Shayne Gostisbehere                               50     1   2  2  

Penalty Kill 4 Players Forward 
   Center                   Wing                     Time % Phy DF OF 
 1 Brandon Dubinsky         Justin Abdelkader        50     1   2  2  
 2 Sebastian Aho            Alexander Wennberg       50     1   2  2  

Penalty Kill 4 Players Defense
   Defense                  Defense                  Time % Phy DF OF 
 1 Philippe Myers           Ryan Lindgren            50     1   2  2  
 2 Justin Holl              Shayne Gostisbehere      50     1   2  2  

Penalty Kill - 3 Players Forward 
   Forward                                           Time % Phy DF OF 
 1 Brandon Dubinsky                                  50     1   2  2  
 2 Sebastian Aho                                     50     1   2  2  

Penalty Kill - 3 Players Defense
   Defense                  Defense                  Time % Phy DF OF 
 1 Philippe Myers           Ryan Lindgren            50     1   2  2  
 2 Justin Holl              Shayne Gostisbehere      50     1   2  2  

4 vs 4 Forward 
   Center                   Wing                     Time % Phy DF OF 
 1 Sebastian Aho            Alexander Wennberg       50     1   2  2  
 2 Tyler Johnson            Brandon Dubinsky         50     1   2  2  

4 vs 4 Defense
   Defense                  Defense                  Time % Phy DF OF 
 1 Brent Seabrook           Travis Sanheim           50     1   2  2  
 2 Justin Holl              Shayne Gostisbehere      50     1   2  2  

Last Minutes Offensive
   Center                   Left Wing                Right Wing               Defense                  Defense                  
   Sebastian Aho            Alexander Wennberg       Tyler Johnson            Brent Seabrook           Travis Sanheim           

Last Minutes Defensive
   Center                   Left Wing                Right Wing               Defense                  Defense                  
   Sebastian Aho            Alexander Wennberg       Tyler Johnson            Brent Seabrook           Travis Sanheim           

Goaltenders
Starting : Craig Anderson           
Backup : Dan Vladar               

Extra Forwards
Normal : Mathieu Perreault, David Backes, Cole Schneider - PP : Mathieu Perreault, David Backes - PK : Cole Schneider
Extra Defensemen
Normal : Philippe Myers, Ryan Lindgren, Justin Holl - PP : Philippe Myers - PK : Ryan Lindgren, Justin Holl
Penalty Shots
Sebastian Aho, Alexander Wennberg, Tyler Johnson, Brandon Dubinsky, Justin Holl
Custom OT Lines Forwards
Sebastian Aho, Alexander Wennberg, Tyler Johnson, Brandon Dubinsky, Justin Holl, Justin Abdelkader, Kirby Dach, Mathieu Perreault, David Backes, Cole Schneider
Custom OT Lines Defensemen
Brent Seabrook, Travis Sanheim, Justin Holl, Shayne Gostisbehere, Philippe Myers

Scratches
None

Wild

5 vs 5 Forward 
   Center                   Left Wing                Right Wing               Time % Phy DF OF 
 1 Patrice Bergeron         T.J. Oshie               Jesper Fast              27     1   0  4  
 2 Elias Lindholm           Jordan Greenway          Nikita Kucherov          27     1   0  4  
 3 Jack Eichel              Adrian Kempe             Brad Marchand            27     1   0  4  
 4 Chris Tierney            Frank Vatrano            Kevin Stenlund           19     0   0  5  

5 vs 5 Defense 
   Defense                  Defense                                           Time % Phy DF OF 
 1 Ryan Suter               Brayden McNabb                                    35     0   2  3  
 2 Mattias Ekholm           Brandon Carlo                                     35     0   2  3  
 3 Alexander Edler          Devon Toews                                       30     0   2  3  
 4 Alexander Edler          Ryan Suter                                        0      1   2  2  

PowerPlay Forward 
   Center                   Left Wing                Right Wing               Time % Phy DF OF 
 1 Jack Eichel              Brad Marchand            Elias Lindholm           50     1   2  2  
 2 Patrice Bergeron         Nikita Kucherov          T.J. Oshie               50     1   2  2  

PowerPlay Defense
   Defense                  Defense                                           Time % Phy DF OF 
 1 Mattias Ekholm           Ryan Suter                                        60     1   2  2  
 2 Alexander Edler          Devon Toews                                       40     1   2  2  

Penalty Kill 4 Players Forward 
   Center                   Wing                     Time % Phy DF OF 
 1 Chris Tierney            Jesper Fast              60     0   4  1  
 2 Elias Lindholm           Jordan Greenway          40     0   5  0  

Penalty Kill 4 Players Defense
   Defense                  Defense                  Time % Phy DF OF 
 1 Alexander Edler          Ryan Suter               60     0   5  0  
 2 Mattias Ekholm           Brayden McNabb           40     0   5  0  

Penalty Kill - 3 Players Forward 
   Forward                                           Time % Phy DF OF 
 1 Chris Tierney                                     60     0   5  0  
 2 Jesper Fast                                       40     0   5  0  

Penalty Kill - 3 Players Defense
   Defense                  Defense                  Time % Phy DF OF 
 1 Brayden McNabb           Alexander Edler          60     0   5  0  
 2 Mattias Ekholm           Ryan Suter               40     0   5  0  

4 vs 4 Forward 
   Center                   Wing                     Time % Phy DF OF 
 1 Jack Eichel              Patrice Bergeron         60     1   2  2  
 2 Brad Marchand            Nikita Kucherov          40     1   2  2  

4 vs 4 Defense
   Defense                  Defense                  Time % Phy DF OF 
 1 Alexander Edler          Ryan Suter               60     1   2  2  
 2 Mattias Ekholm           Brayden McNabb           40     1   2  2  

Last Minutes Offensive
   Center                   Left Wing                Right Wing               Defense                  Defense                  
   Jack Eichel              Brad Marchand            Nikita Kucherov          Mattias Ekholm           Ryan Suter               

Last Minutes Defensive
   Center                   Left Wing                Right Wing               Defense                  Defense                  
   Chris Tierney            Elias Lindholm           Jesper Fast              Alexander Edler          Ryan Suter               

Goaltenders
Starting : Linus Ullmark            
Backup : Anton Khudobin           

Extra Forwards
Normal : Elias Lindholm, Chris Tierney, Jesper Fast - PP : Elias Lindholm, Chris Tierney - PK : Jesper Fast
Extra Defensemen
Normal : Brandon Carlo, Devon Toews, Mattias Ekholm - PP : Brandon Carlo - PK : Devon Toews, Mattias Ekholm
Penalty Shots
Elias Lindholm, Patrice Bergeron, Brad Marchand, Nikita Kucherov, Jack Eichel
Custom OT Lines Forwards
Jack Eichel, Patrice Bergeron, Brad Marchand, Nikita Kucherov, Elias Lindholm, T.J. Oshie, Chris Tierney, Adrian Kempe, Jesper Fast, Frank Vatrano
Custom OT Lines Defensemen
Alexander Edler, Ryan Suter, Mattias Ekholm, Brayden McNabb, Brandon Carlo

Scratches
Adam Fox (Healthy), Martin Marincin (Healthy)

% Time on Ice - Nordiques

Lines # - Real PCT - Wanted PCT - Time Play
Normal Forward
1 - 24% - 25% - 11:24
2 - 24% - 25% - 11:12
3 - 26% - 25% - 12:06
4 - 27% - 25% - 12:34
Normal Defense
1 - 37% - 37% - 17:33
2 - 33% - 33% - 15:49
3 - 29% - 30% - 13:54
4 - 0% - 0% - 0:00
PP Forward
1 - 48% - 50% - 1:54
2 - 52% - 50% - 2:04
PP Defense
1 - 57% - 50% - 2:16
2 - 43% - 50% - 1:42
PK Forward
1 - 49% - 50% - 3:53
2 - 51% - 50% - 4:03
PK Defense
1 - 51% - 50% - 4:02
2 - 49% - 50% - 3:54
PK3 Forward
1 - 0% - 50%
2 - 0% - 50%
PK3 Defense
1 - 0% - 50%
2 - 0% - 50%
44 Forward
1 - 0% - 50%
2 - 0% - 50%
44 Defense
1 - 0% - 50%
2 - 0% - 50%
Last Minute Offensive  - 0:00
Last Minute Defensive  - 0:50
Total
Forward - 60:00
Defense - 60:00

% Time on Ice - Wild

Lines # - Real PCT - Wanted PCT - Time Play
Normal Forward
1 - 25% - 27% - 11:49
2 - 26% - 27% - 12:27
3 - 26% - 27% - 12:31
4 - 22% - 19% - 10:29
Normal Defense
1 - 34% - 35% - 16:17
2 - 35% - 35% - 16:25
3 - 27% - 30% - 12:44
4 - 4% - 0% - 1:50
PP Forward
1 - 49% - 50% - 3:54
2 - 51% - 50% - 4:02
PP Defense
1 - 55% - 60% - 4:23
2 - 45% - 40% - 3:33
PK Forward
1 - 82% - 60% - 3:14
2 - 18% - 40% - 0:44
PK Defense
1 - 65% - 60% - 2:35
2 - 35% - 40% - 1:23
PK3 Forward
1 - 0% - 60%
2 - 0% - 40%
PK3 Defense
1 - 0% - 60%
2 - 0% - 40%
44 Forward
1 - 0% - 60%
2 - 0% - 40%
44 Defense
1 - 0% - 60%
2 - 0% - 40%
Last Minute Offensive  - 0:50
Last Minute Defensive  - 0:00
Total
Forward - 60:00
Defense - 60:00

Play-by-Play

1st period


0:01 of 1st period - Patrice Bergeron wins face-off versus Sebastian Aho in neutral zone.
0:08 of 1st period - Slapshot by T.J. Oshie.
0:08 of 1st period - Stopped by Craig Anderson without a rebound.
0:09 of 1st period - Patrice Bergeron wins face-off versus Sebastian Aho in Nordiques zone.
0:16 of 1st period - Snap shot by T.J. Oshie.
0:16 of 1st period - Shot Misses the Net.
0:18 of 1st period - Snap shot by Brayden McNabb.
0:18 of 1st period - Stopped by Craig Anderson with a rebound.
0:20 of 1st period - Snap shot by Patrice Bergeron.
0:20 of 1st period - Stopped by Craig Anderson without a rebound.
0:21 of 1st period - Brandon Dubinsky wins face-off versus Elias Lindholm in Nordiques zone.
0:47 of 1st period - Cole Schneider is hit by Adrian Kempe and loses puck.
1:57 of 1st period - Alexander Edler is hit by Justin Abdelkader and loses puck.
2:12 of 1st period - Snap shot by David Backes.
2:12 of 1st period - Shot Misses the Net.
2:14 of 1st period - Wrist shot by Cole Schneider.
2:14 of 1st period - Shot Blocked by Adrian Kempe.
2:16 of 1st period - Slapshot by Justin Holl.
2:16 of 1st period - Shot Blocked by Brayden McNabb.
3:06 of 1st period - Snap shot by Chris Tierney.
3:06 of 1st period - Stopped by Craig Anderson with a rebound.
3:20 of 1st period - Snap shot by Joel L'Esperance.
3:20 of 1st period - Shot Misses the Net.
3:22 of 1st period - Slapshot by Joel L'Esperance.
3:22 of 1st period - Stopped by Linus Ullmark with a rebound.
3:24 of 1st period - Wrist shot by Hudson Fasching.
3:24 of 1st period - Deflect By Joel L'Esperance.
3:24 of 1st period - Stopped by Linus Ullmark without a rebound.
3:25 of 1st period - David Backes wins face-off versus Jack Eichel in Wild zone.
3:58 of 1st period - Wrist shot by Kirby Dach.
3:58 of 1st period - Stopped by Linus Ullmark without a rebound.
3:59 of 1st period - Joel L'Esperance wins face-off versus Jesper Fast in Wild zone.
4:12 of 1st period - Slapshot by Hudson Fasching.
4:12 of 1st period - Shot Blocked by Brayden McNabb.
4:14 of 1st period - Wrist shot by Joel Farabee.
4:14 of 1st period - Nordiques goal is going for a video replay.
4:14 of 1st period - The goal is refused. The attacking player has interfered with a goalkeeper in his goal crease..
4:15 of 1st period - Chris Tierney wins face-off versus Mathieu Perreault in Wild zone.
4:15 of 1st period - Chris Tierney is hit by Brent Seabrook.
4:23 of 1st period - Wrist shot by Frank Vatrano.
4:23 of 1st period - Deflect By Kevin Stenlund.
4:23 of 1st period - Shot Blocked by Brent Seabrook.
4:23 of 1st period - Puck is out of play.
4:24 of 1st period - Chris Tierney wins face-off versus Mathieu Perreault in Nordiques zone.
4:33 of 1st period - Backhand shot by Frank Vatrano.
4:33 of 1st period - Stopped by Craig Anderson with a rebound.
4:53 of 1st period - Snap shot by David Backes.
4:53 of 1st period - Shot Misses the Net.
4:57 of 1st period - Snap shot by Mathieu Perreault.
4:57 of 1st period - Stopped by Linus Ullmark without a rebound.
4:58 of 1st period - Brandon Dubinsky wins face-off versus Jack Eichel in Wild zone.
5:25 of 1st period - Elias Lindholm is hit by Hudson Fasching.
5:30 of 1st period - Off-side.
5:31 of 1st period - Joel L'Esperance wins face-off versus Patrice Bergeron in neutral zone.
5:38 of 1st period - Slapshot by Joel L'Esperance.
5:38 of 1st period - Shot Blocked by Jesper Fast.
5:40 of 1st period - Snap shot by Hudson Fasching.
5:40 of 1st period - Shot Misses the Net.
5:42 of 1st period - Slapshot by Justin Holl.
5:42 of 1st period - Shot Blocked by Patrice Bergeron.
5:48 of 1st period - Slapshot by Joel L'Esperance.
5:48 of 1st period - Deflect By Joel Farabee.
5:48 of 1st period - Stopped by Linus Ullmark without a rebound.
5:49 of 1st period - Brandon Dubinsky wins face-off versus Elias Lindholm in Wild zone.
6:35 of 1st period - Snap shot by Sebastian Aho.
6:35 of 1st period - Shot Blocked by Jesper Fast.
7:18 of 1st period - Brayden McNabb is hit by Kirby Dach and loses puck.
7:23 of 1st period - Snap shot by Kirby Dach.
7:23 of 1st period - Deflect By Patrice Bergeron.
7:23 of 1st period - Stopped by Linus Ullmark with a rebound.
7:53 of 1st period - Brad Marchand is hit by Philippe Myers and loses puck.
8:00 of 1st period - Wrist shot by Joel L'Esperance.
8:00 of 1st period - Shot Misses the Net.
8:02 of 1st period - Slapshot by Philippe Myers.
8:02 of 1st period - Shot Misses the Net.
8:41 of 1st period - Justin Holl is hit by Chris Tierney and loses puck.
8:50 of 1st period - Justin Holl is hit by Alexander Edler and loses puck.
9:11 of 1st period - Wrist shot by David Backes.
9:11 of 1st period - Stopped by Linus Ullmark with a rebound.
9:35 of 1st period - Slapshot by Frank Vatrano.
9:35 of 1st period - Shot Blocked by Justin Holl.
9:55 of 1st period - Wrist shot by Frank Vatrano.
9:55 of 1st period - Stopped by Craig Anderson with a rebound.
10:05 of 1st period - Snap shot by Kevin Stenlund.
10:05 of 1st period - Shot Misses the Net.
10:21 of 1st period - Wrist shot by Frank Vatrano.
10:21 of 1st period - Stopped by Craig Anderson without a rebound.
10:22 of 1st period - Brandon Dubinsky wins face-off versus Elias Lindholm in Nordiques zone.
10:42 of 1st period - Brandon Carlo is hit by Brent Seabrook and loses puck.
10:59 of 1st period - Snap shot by Nikita Kucherov.
10:59 of 1st period - Shot Blocked by Brent Seabrook.
11:42 of 1st period - Backhand shot by Brandon Dubinsky.
11:42 of 1st period - Shot Misses the Net.
11:54 of 1st period - Slapshot by Elias Lindholm.
11:54 of 1st period - Shot Misses the Net.
11:56 of 1st period - Snap shot by Nikita Kucherov.
11:56 of 1st period - Stopped by Craig Anderson without a rebound.
11:57 of 1st period - Jack Eichel wins face-off versus Joel L'Esperance in Nordiques zone.
12:20 of 1st period - Slapshot by Sebastian Aho.
12:20 of 1st period - Shot Misses the Net.
12:28 of 1st period - Jesper Fast is hit by Ryan Lindgren and loses puck.
12:35 of 1st period - Alexander Wennberg is hit by T.J. Oshie and loses puck.
12:46 of 1st period - Brad Marchand is hit by Ryan Lindgren and loses puck.
14:38 of 1st period - Icing by Kirby Dach.
14:39 of 1st period - Mathieu Perreault wins face-off versus Jordan Greenway in Nordiques zone.
14:44 of 1st period - Devon Toews is hit by David Backes and loses puck.
14:57 of 1st period - Chris Tierney is hit by Brent Seabrook.
15:01 of 1st period - Brent Seabrook is hit by Brandon Carlo and loses puck.
15:12 of 1st period - Jack Eichel is hit by Brent Seabrook and loses puck.
15:34 of 1st period - Ryan Suter is hit by Justin Abdelkader and loses puck.
15:41 of 1st period - Kirby Dach is hit by Brad Marchand and loses puck.
17:15 of 1st period - Wrist shot by Mathieu Perreault.
17:15 of 1st period - Shot Misses the Net.
18:59 of 1st period - Icing by Brandon Dubinsky.
19:00 of 1st period - David Backes wins face-off versus Jack Eichel in Nordiques zone.
19:06 of 1st period - Minor Penalty to Mattias Ekholm for Hooking.
19:07 of 1st period - Sebastian Aho wins face-off versus Chris Tierney in Wild zone.
19:21 of 1st period - Wrist shot by Alexander Wennberg.
19:21 of 1st period - Shot Misses the Net.
19:23 of 1st period - Slapshot by Travis Sanheim.
19:23 of 1st period - Shot Misses the Net.
Goals for this period are 0 for Nordiques vs 0 for Wild.
Shots for this period are 8 for Nordiques vs 8 for Wild.

2nd period


0:01 of 2nd period - Chris Tierney wins face-off versus Brandon Dubinsky in neutral zone.
0:10 of 2nd period - Snap shot by Jesper Fast.
0:10 of 2nd period - Shot Misses the Net.
1:06 of 2nd period - Penalty to Mattias Ekholm is over, Mattias Ekholm is back on ice.
1:22 of 2nd period - Jordan Greenway is hit by Justin Holl and loses puck.
1:45 of 2nd period - Wrist shot by Brad Marchand.
1:45 of 2nd period - Shot Blocked by Philippe Myers.
2:29 of 2nd period - Wrist shot by Nikita Kucherov.
2:29 of 2nd period - Stopped by Craig Anderson without a rebound.
2:30 of 2nd period - Sebastian Aho wins face-off versus Elias Lindholm in Nordiques zone.
2:59 of 2nd period - Tyler Johnson is hit by Elias Lindholm and loses puck.
3:24 of 2nd period - Snap shot by Elias Lindholm.
3:24 of 2nd period - Goal by Elias Lindholm - Nordiques : 0 - Wild : 1.
3:25 of 2nd period - Jack Eichel wins face-off versus Joel L'Esperance in neutral zone.
3:54 of 2nd period - Snap shot by Kirby Dach.
3:54 of 2nd period - Shot Blocked by Brandon Carlo.
3:56 of 2nd period - Slapshot by Travis Sanheim.
3:56 of 2nd period - Stopped by Linus Ullmark without a rebound.
3:57 of 2nd period - Justin Abdelkader wins face-off versus Patrice Bergeron in Wild zone.
4:02 of 2nd period - Wrist shot by Brandon Dubinsky.
4:02 of 2nd period - Shot Misses the Net.
4:12 of 2nd period - Snap shot by T.J. Oshie.
4:12 of 2nd period - Shot Misses the Net.
4:14 of 2nd period - Slapshot by Brayden McNabb.
4:14 of 2nd period - Deflect By Justin Abdelkader.
4:14 of 2nd period - Stopped by Craig Anderson without a rebound.
4:15 of 2nd period - Hudson Fasching wins face-off versus Brad Marchand in Nordiques zone.
4:28 of 2nd period - Snap shot by Jack Eichel.
4:28 of 2nd period - Shot Blocked by Brent Seabrook.
4:34 of 2nd period - Joel L'Esperance is hit by Brad Marchand and loses puck.
4:51 of 2nd period - Wrist shot by Joel Farabee.
4:51 of 2nd period - Shot Misses the Net.
4:53 of 2nd period - Wrist shot by Hudson Fasching.
4:53 of 2nd period - Shot Misses the Net.
5:16 of 2nd period - Slapshot by Joel Farabee.
5:16 of 2nd period - Stopped by Linus Ullmark with a rebound.
5:18 of 2nd period - Snap shot by Travis Sanheim.
5:18 of 2nd period - Deflect By Hudson Fasching.
5:18 of 2nd period - Shot Blocked by Brad Marchand.
5:18 of 2nd period - Puck is out of play.
5:19 of 2nd period - Patrice Bergeron wins face-off versus Sebastian Aho in Wild zone.
5:19 of 2nd period - Patrice Bergeron is hit by Alexander Wennberg.
5:27 of 2nd period - Wrist shot by T.J. Oshie.
5:27 of 2nd period - Stopped by Craig Anderson with a rebound.
5:50 of 2nd period - Snap shot by Elias Lindholm.
5:50 of 2nd period - Stopped by Craig Anderson without a rebound.
5:51 of 2nd period - Elias Lindholm wins face-off versus Brandon Dubinsky in Nordiques zone.
5:52 of 2nd period - Snap shot by Nikita Kucherov.
5:52 of 2nd period - Stopped by Craig Anderson with a rebound.
5:54 of 2nd period - Snap shot by Jordan Greenway.
5:54 of 2nd period - Shot Misses the Net.
5:56 of 2nd period - Slapshot by Jordan Greenway.
5:56 of 2nd period - Stopped by Craig Anderson with a rebound.
5:58 of 2nd period - Snap shot by Nikita Kucherov.
5:58 of 2nd period - Shot Misses the Net.
6:00 of 2nd period - Snap shot by Elias Lindholm.
6:00 of 2nd period - Stopped by Craig Anderson with a rebound.
6:02 of 2nd period - Snap shot by Elias Lindholm.
6:02 of 2nd period - Shot Misses the Net.
6:04 of 2nd period - Snap shot by Jordan Greenway.
6:04 of 2nd period - Deflect By Elias Lindholm.
6:04 of 2nd period - Stopped by Craig Anderson without a rebound.
6:05 of 2nd period - Patrice Bergeron wins face-off versus Sebastian Aho in Nordiques zone.
6:19 of 2nd period - Minor Penalty to Ryan Lindgren for Tripping.
6:20 of 2nd period - Brandon Dubinsky wins face-off versus Jack Eichel in Nordiques zone.
6:47 of 2nd period - T.J. Oshie is hit by Justin Holl and loses puck.
8:19 of 2nd period - Penalty to Ryan Lindgren is over, Ryan Lindgren is back on ice.
8:33 of 2nd period - Minor Penalty to Joel L'Esperance for Elbowing.
8:34 of 2nd period - Brandon Dubinsky wins face-off versus Jack Eichel in Nordiques zone.
10:10 of 2nd period - Icing by Devon Toews.
10:11 of 2nd period - Sebastian Aho wins face-off versus Patrice Bergeron in Wild zone.
10:33 of 2nd period - Penalty to Joel L'Esperance is over, Joel L'Esperance is back on ice.
11:00 of 2nd period - Minor Penalty to Brent Seabrook for Checking from behind.
11:01 of 2nd period - Brandon Dubinsky wins face-off versus Patrice Bergeron in Nordiques zone.
11:12 of 2nd period - Slapshot by Justin Abdelkader.
11:12 of 2nd period - Deflect By Brandon Dubinsky.
11:12 of 2nd period - Goal by Brandon Dubinsky - Nordiques : 1 - Wild : 1.
11:13 of 2nd period - Sebastian Aho wins face-off versus Jack Eichel in neutral zone.
11:22 of 2nd period - Wrist shot by Alexander Wennberg.
11:22 of 2nd period - Stopped by Linus Ullmark with a rebound.
11:52 of 2nd period - Philippe Myers is hit by Nikita Kucherov.
12:10 of 2nd period - Slapshot by Brad Marchand.
12:10 of 2nd period - Shot Misses the Net.
13:00 of 2nd period - Penalty to Brent Seabrook is over, Brent Seabrook is back on ice.
13:21 of 2nd period - Icing by Ryan Suter.
13:22 of 2nd period - Chris Tierney wins face-off versus Mathieu Perreault in Wild zone.
14:10 of 2nd period - Icing by Brandon Dubinsky.
14:11 of 2nd period - Jack Eichel wins face-off versus Brandon Dubinsky in Nordiques zone.
14:20 of 2nd period - Slapshot by Travis Sanheim.
14:20 of 2nd period - Stopped by Linus Ullmark with a rebound.
14:22 of 2nd period - Slapshot by Travis Sanheim.
14:22 of 2nd period - Stopped by Linus Ullmark with a rebound.
14:24 of 2nd period - Wrist shot by Justin Abdelkader.
14:24 of 2nd period - Shot Misses the Net.
14:26 of 2nd period - Wrist shot by Brandon Dubinsky.
14:26 of 2nd period - Shot Misses the Net.
15:16 of 2nd period - Icing by Elias Lindholm.
15:17 of 2nd period - Elias Lindholm wins face-off versus Hudson Fasching in Wild zone.
15:32 of 2nd period - Wrist shot by Adrian Kempe.
15:32 of 2nd period - Shot Blocked by Ryan Lindgren.
15:42 of 2nd period - Brad Marchand is hit by Hudson Fasching and loses puck.
16:03 of 2nd period - Snap shot by Joel L'Esperance.
16:03 of 2nd period - Stopped by Linus Ullmark with a rebound.
16:05 of 2nd period - Snap shot by Joel L'Esperance.
16:05 of 2nd period - Goal by Joel L'Esperance - Nordiques : 2 - Wild : 1.
16:06 of 2nd period - Patrice Bergeron wins face-off versus Sebastian Aho in neutral zone.
17:24 of 2nd period - Snap shot by Frank Vatrano.
17:24 of 2nd period - Stopped by Craig Anderson with a rebound.
17:26 of 2nd period - Slapshot by Brandon Carlo.
17:26 of 2nd period - Stopped by Craig Anderson with a rebound.
17:28 of 2nd period - Slapshot by Mattias Ekholm.
17:28 of 2nd period - Stopped by Craig Anderson with a rebound.
17:30 of 2nd period - Slapshot by Mattias Ekholm.
17:30 of 2nd period - Stopped by Craig Anderson without a rebound.
17:31 of 2nd period - Patrice Bergeron wins face-off versus Brandon Dubinsky in Nordiques zone.
17:46 of 2nd period - Snap shot by Mattias Ekholm.
17:46 of 2nd period - Shot Blocked by Shayne Gostisbehere.
17:48 of 2nd period - Wrist shot by Jesper Fast.
17:48 of 2nd period - Shot Blocked by Shayne Gostisbehere.
17:58 of 2nd period - Elias Lindholm is hit by Sebastian Aho and loses puck.
18:31 of 2nd period - Wrist shot by Mathieu Perreault.
18:31 of 2nd period - Stopped by Linus Ullmark without a rebound.
18:32 of 2nd period - Brandon Dubinsky wins face-off versus Patrice Bergeron in Wild zone.
18:43 of 2nd period - Wrist shot by T.J. Oshie.
18:43 of 2nd period - Stopped by Craig Anderson without a rebound.
18:44 of 2nd period - Patrice Bergeron wins face-off versus Sebastian Aho in Nordiques zone.
19:37 of 2nd period - Minor Penalty to Brayden McNabb for Roughing.
19:38 of 2nd period - Brandon Dubinsky wins face-off versus Chris Tierney in Wild zone.
19:40 of 2nd period - Snap shot by Kirby Dach.
19:40 of 2nd period - Deflect By Justin Abdelkader.
19:40 of 2nd period - Stopped by Linus Ullmark with a rebound.
Goals for this period are 2 for Nordiques vs 1 for Wild.
Shots for this period are 10 for Nordiques vs 14 for Wild.

3rd period


0:01 of 3rd period - Chris Tierney wins face-off versus Alexander Wennberg in neutral zone.
0:04 of 3rd period - Slapshot by Ryan Suter.
0:04 of 3rd period - Deflect By Jesper Fast.
0:04 of 3rd period - Stopped by Craig Anderson with a rebound.
0:12 of 3rd period - Snap shot by Alexander Wennberg.
0:12 of 3rd period - Shot Misses the Net.
0:14 of 3rd period - Slapshot by Justin Holl.
0:14 of 3rd period - Stopped by Linus Ullmark with a rebound.
0:16 of 3rd period - Wrist shot by Alexander Wennberg.
0:16 of 3rd period - Shot Misses the Net.
0:26 of 3rd period - Brandon Dubinsky is hit by Chris Tierney and loses puck.
0:33 of 3rd period - Slapshot by Shayne Gostisbehere.
0:33 of 3rd period - Shot Blocked by Jordan Greenway.
0:35 of 3rd period - Snap shot by Kirby Dach.
0:35 of 3rd period - Shot Misses the Net.
1:37 of 3rd period - Penalty to Brayden McNabb is over, Brayden McNabb is back on ice.
2:41 of 3rd period - Slapshot by Jack Eichel.
2:41 of 3rd period - Stopped by Craig Anderson without a rebound.
2:42 of 3rd period - Joel L'Esperance wins face-off versus Jack Eichel in Nordiques zone.
2:42 of 3rd period - Joel L'Esperance is hit by Mattias Ekholm.
2:52 of 3rd period - Wrist shot by Joel Farabee.
2:52 of 3rd period - Stopped by Linus Ullmark without a rebound.
2:53 of 3rd period - Patrice Bergeron wins face-off versus Sebastian Aho in Wild zone.
3:00 of 3rd period - Wrist shot by Patrice Bergeron.
3:00 of 3rd period - Shot Misses the Net.
3:02 of 3rd period - Snap shot by Alexander Edler.
3:02 of 3rd period - Shot Blocked by Sebastian Aho.
3:04 of 3rd period - Slapshot by T.J. Oshie.
3:04 of 3rd period - Deflect By Patrice Bergeron.
3:04 of 3rd period - Stopped by Craig Anderson without a rebound.
3:05 of 3rd period - Elias Lindholm wins face-off versus Sebastian Aho in Nordiques zone.
3:30 of 3rd period - Brandon Carlo is hit by Kirby Dach and loses puck.
3:35 of 3rd period - Wrist shot by Kirby Dach.
3:35 of 3rd period - Shot Misses the Net.
5:07 of 3rd period - Snap shot by Patrice Bergeron.
5:07 of 3rd period - Stopped by Craig Anderson with a rebound.
5:37 of 3rd period - Tyler Johnson is hit by Frank Vatrano and loses puck.
6:10 of 3rd period - Justin Holl is hit by Devon Toews and loses puck.
6:41 of 3rd period - Slapshot by Cole Schneider.
6:41 of 3rd period - Shot Misses the Net.
6:43 of 3rd period - Snap shot by Joel L'Esperance.
6:43 of 3rd period - Shot Misses the Net.
6:45 of 3rd period - Snap shot by Hudson Fasching.
6:45 of 3rd period - Stopped by Linus Ullmark with a rebound.
6:47 of 3rd period - Snap shot by Justin Holl.
6:47 of 3rd period - Stopped by Linus Ullmark with a rebound.
6:49 of 3rd period - Wrist shot by Joel Farabee.
6:49 of 3rd period - Stopped by Linus Ullmark without a rebound.
6:50 of 3rd period - Sebastian Aho wins face-off versus Elias Lindholm in Wild zone.
6:53 of 3rd period - Snap shot by Alexander Wennberg.
6:53 of 3rd period - Stopped by Linus Ullmark without a rebound.
6:54 of 3rd period - Elias Lindholm wins face-off versus Sebastian Aho in Wild zone.
7:25 of 3rd period - Wrist shot by Kirby Dach.
7:25 of 3rd period - Shot Blocked by Jesper Fast.
7:27 of 3rd period - Snap shot by Travis Sanheim.
7:27 of 3rd period - Stopped by Linus Ullmark with a rebound.
7:29 of 3rd period - Slapshot by Kirby Dach.
7:29 of 3rd period - Shot Blocked by Brayden McNabb.
8:07 of 3rd period - Icing by Ryan Lindgren.
8:08 of 3rd period - Joel L'Esperance wins face-off versus Chris Tierney in Nordiques zone.
8:08 of 3rd period - Joel L'Esperance is hit by Chris Tierney.
8:45 of 3rd period - Ryan Lindgren is hit by Elias Lindholm and loses puck.
9:00 of 3rd period - Brandon Carlo is hit by Kirby Dach and loses puck.
9:11 of 3rd period - Wrist shot by Patrice Bergeron.
9:11 of 3rd period - Shot Misses the Net.
9:29 of 3rd period - Wrist shot by Jack Eichel.
9:29 of 3rd period - Stopped by Craig Anderson with a rebound.
9:31 of 3rd period - Slapshot by Brandon Carlo.
9:31 of 3rd period - Shot Misses the Net.
9:33 of 3rd period - Snap shot by Jack Eichel.
9:33 of 3rd period - Stopped by Craig Anderson with a rebound.
10:08 of 3rd period - Snap shot by Alexander Wennberg.
10:08 of 3rd period - Shot Misses the Net.
10:44 of 3rd period - Kirby Dach is hit by Jordan Greenway.
10:55 of 3rd period - Snap shot by Elias Lindholm.
10:55 of 3rd period - Stopped by Craig Anderson without a rebound.
10:56 of 3rd period - Mathieu Perreault wins face-off versus Patrice Bergeron in Nordiques zone.
11:23 of 3rd period - Hudson Fasching is hit by Ryan Suter.
11:47 of 3rd period - Shayne Gostisbehere is hit by Brandon Carlo and loses puck.
12:06 of 3rd period - Ryan Lindgren is hit by Brad Marchand and loses puck.
12:17 of 3rd period - Philippe Myers is hit by Alexander Edler.
12:31 of 3rd period - Snap shot by Joel Farabee.
12:31 of 3rd period - Shot Misses the Net.
12:33 of 3rd period - Wrist shot by Joel Farabee.
12:33 of 3rd period - Stopped by Linus Ullmark with a rebound.
12:35 of 3rd period - Wrist shot by Hudson Fasching.
12:35 of 3rd period - Shot Misses the Net.
13:06 of 3rd period - Wrist shot by Brent Seabrook.
13:06 of 3rd period - Shot Blocked by Devon Toews.
13:08 of 3rd period - Slapshot by Justin Holl.
13:08 of 3rd period - Shot Misses the Net.
13:30 of 3rd period - Jesper Fast is hit by Justin Holl and loses puck.
13:37 of 3rd period - Brandon Dubinsky is hit by T.J. Oshie and loses puck.
14:20 of 3rd period - Brayden McNabb is hit by Justin Holl and loses puck.
14:50 of 3rd period - Brandon Carlo is hit by Brandon Dubinsky and loses puck.
15:09 of 3rd period - Philippe Myers is hit by Jack Eichel and loses puck.
15:13 of 3rd period - Icing by Philippe Myers.
15:14 of 3rd period - Jack Eichel wins face-off versus Mathieu Perreault in Nordiques zone.
15:33 of 3rd period - Slapshot by Jack Eichel.
15:33 of 3rd period - Shot Misses the Net.
15:35 of 3rd period - Snap shot by Alexander Edler.
15:35 of 3rd period - Shot Blocked by Brent Seabrook.
15:37 of 3rd period - Slapshot by Devon Toews.
15:37 of 3rd period - Stopped by Craig Anderson without a rebound.
15:38 of 3rd period - Chris Tierney wins face-off versus Joel L'Esperance in Nordiques zone.
16:03 of 3rd period - Tyler Johnson is hit by Jordan Greenway.
16:38 of 3rd period - Minor Penalty to David Backes for Holding Stick.
16:39 of 3rd period - Patrice Bergeron wins face-off versus Sebastian Aho in Nordiques zone.
17:12 of 3rd period - Snap shot by Alexander Wennberg.
17:12 of 3rd period - Shot Blocked by Devon Toews.
17:14 of 3rd period - Snap shot by Justin Holl.
17:14 of 3rd period - Deflect By Alexander Wennberg.
17:14 of 3rd period - Stopped by Linus Ullmark with a rebound.
17:25 of 3rd period - Icing by T.J. Oshie.
17:26 of 3rd period - Patrice Bergeron wins face-off versus Brandon Dubinsky in Wild zone.
18:38 of 3rd period - Penalty to David Backes is over, David Backes is back on ice.
18:51 of 3rd period - Off-side.
18:52 of 3rd period - Dean Evason call a timeout for Wild.
18:52 of 3rd period - Sebastian Aho wins face-off versus Jack Eichel in neutral zone.
18:59 of 3rd period - Wrist shot by Alexander Wennberg.
18:59 of 3rd period - Stopped by Linus Ullmark without a rebound.
19:00 of 3rd period - Sebastian Aho wins face-off versus Jack Eichel in Wild zone.
19:23 of 3rd period - Wild, Linus Ullmark is pulled from the net.
19:41 of 3rd period - Wrist shot by Alexander Wennberg.
19:41 of 3rd period - Goal by Alexander Wennberg - Nordiques : 3 - Wild : 1.
19:41 of 3rd period - Linus Ullmark from Wild was sent back in the game.
19:42 of 3rd period - Chris Tierney wins face-off versus David Backes in neutral zone.
19:55 of 3rd period - Slapshot by Frank Vatrano.
19:55 of 3rd period - Stopped by Craig Anderson with a rebound.
19:57 of 3rd period - Slapshot by Devon Toews.
19:57 of 3rd period - Shot Blocked by Shayne Gostisbehere.
Goals for this period are 1 for Nordiques vs 0 for Wild.
Shots for this period are 11 for Nordiques vs 9 for Wild. Output by the SimonT Hockey Simulator (STHS) for Eric Tremblay - Original Page W3C HTML5 Valid
Hockey Simulator - Hockey Simulation - Hockey Manager